 Dungeon Crawl Stone Soup version 0.18.1-8-gdd0e5ea (webtiles) character file.

162441 manyhoops the Eclecticist (level 16, -2/124 HPs)
             Began as a Demigod Fire Elementalist on May 26, 2016.
             Slain by a demonic crawler (5 damage)
             ... on level 1 of the Spider Nest.
             The game lasted 02:37:09 (35676 turns).

manyhoops the Eclecticist (DgFE)                   Turns: 35676, Time: 02:37:11

Health: -2/124     AC: 12    Str: 14    XL:     16   Next: 67%
Magic:  17/41      EV: 12    Int: 35    God:
Gold:   1073       SH:  0    Dex: 20    Spells: 11 memorised, 12 levels left

rFire  + + .     SeeInvis +     s - +8 dagger of Execution {pierce, rC- Dex+2 SInv}
rCold  x . .     Gourm    +     E - +1 leather armour {rF+}
rNeg   . . .     Faith    .     (no shield)
rPois  .         Spirit   .     L - +2 hat
rElec  +         Dismiss  .     N - +2 cloak {+Inv}
rCorr  .         Reflect  .     D - +0 pair of gloves {archery}
SustAt +         Harm     .     C - +1 pair of boots
MR     +....                    z - amulet of the gourmand
Stlth  +.........               A - +2 ring of intelligence
                                M - ring "Fudghutiph" {rF+ Str+3 Int+2}

@: confused, somewhat resistant to hostile enchantments, very unstealthy
A: agile 1, clever 1, high mp 1, sense surroundings 1, electricity resistance,
evolution 1, sustain attributes
a: Evoke Invisibility


You were on level 1 of the Spider Nest.
You were not hungry.

You visited 4 branches of the dungeon, and saw 26 of its levels.
You also visited: Labyrinth.

You collected 2551 gold pieces.
You spent 1478 gold pieces at shops.

Inventory:

Hand Weapons
 g - a +3 trident of protection
 s - the +8 dagger of Execution (weapon) {pierce, rC- Dex+2 SInv}
   (You found it on level 4 of the Dungeon)

   It inflicts extra damage upon your enemies.
   It affects your dexterity (+2).
   It makes you vulnerable to cold.
   It lets you see invisible.
Armour
 c - a +2 robe of the Archmagi
 C - a +1 pair of boots (worn)
 D - a +0 pair of gloves of archery (worn)
 E - a +1 leather armour of fire resistance (worn)
 L - a +2 hat (worn)
 N - a +2 cloak of invisibility (worn)
Magical Staves
 p - an uncursed staff of power
Jewellery
 m - an uncursed ring of protection from fire
 z - an amulet of the gourmand (around neck)
 A - a +2 ring of intelligence (right hand)
 M - the ring "Fudghutiph" (left hand) {rF+ Str+3 Int+2}
   (You found it on level 13 of the Dungeon)

   [ring of protection from fire]

   It affects your strength (+3).
   It affects your intelligence (+2).
   It protects you from fire.
Wands
 a - a wand of polymorph (10/24)
 e - a wand of acid (1/15)
 f - a wand of lightning (6/15)
 q - a wand of paralysis (11/24)
 G - a wand of lightning (0/15)
 I - a wand of disintegration (8/24)
 V - a wand of iceblast (6/15)
 Z - a wand of iceblast (3/15)
Scrolls
 r - 4 scrolls of remove curse
 v - 2 scrolls of immolation
 w - a scroll of summoning {unknown}
 y - 4 scrolls of recharging
 B - a scroll of teleportation
 P - 3 scrolls of fear
 R - 6 scrolls of fog
 T - a scroll of blinking {unknown}
 U - 2 scrolls of holy word
 W - 4 scrolls of enchant weapon
 Y - a scroll of amnesia {unknown}
Potions
 b - 4 potions of cure mutation
 d - 4 potions of curing
 h - a potion of ambrosia
 i - 5 potions of heal wounds
 l - 7 potions of brilliance
 t - 5 potions of magic
 u - a potion of invisibility
 H - 4 potions of mutation
 J - 3 potions of cancellation
 K - 3 potions of haste
 Q - 6 potions of flight
 S - 5 potions of might
 X - 4 potions of agility
Books
 n - a book of the Earth

   Spells                             Type                      Level
   a - Leda's Liquefaction            Hexes/Earth                  4
   b - Bolt of Magma                  Conjuration/Fire/Earth       5
   c - Statue Form                    Transmutation/Earth          6
   d - Iron Shot                      Conjuration/Earth            6
   e - Shatter                        Earth                        9
Comestibles
 j - 10 royal jellies
 x - a bread ration
 F - 2 slices of pizza


   Skills:
 - Level 6.6 Fighting
 - Level 1.8 Armour
 - Level 1.7 Dodging
 - Level 2.5 Stealth
 * Level 15.5 Spellcasting
 + Level 14.1 Conjurations
 - Level 0.3 Hexes
 - Level 0.1 Summonings
 - Level 4.5 Necromancy
 - Level 13.3 Fire Magic


You had 12 spell levels left.
You knew the following spells:

 Your Spells              Type           Power        Failure   Level  Hunger
a - Flame Tongue          Conj/Fire      #####        0%          1    None
b - Throw Flame           Conj/Fire      ######       0%          2    None
c - Conjure Flame         Conj/Fire      #######.     1%          3    None
d - Inner Flame           Hex/Fire       ######..     1%          3    None
e - Sticky Flame          Conj/Fire      #######.     1%          4    None
f - Fireball              Conj/Fire      #######...   1%          5    None
g - Regeneration          Chrm/Necr      #####.....   1%          3    None
h - Bolt of Fire          Conj/Fire      #######...   1%          6    #......
i - Call Canine Familiar  Summ           ####....     6%          3    None
j - Blink                 Tloc           N/A          2%          2    None
k - Repel Missiles        Chrm/Air       ####..       2%          2    None


Dungeon Overview and Level Annotations

Branches:
Dungeon (15/15)            Temple (0/1) D:6            Lair (8/8) D:9
 Shoals (0/4) Lair:5       Spider (1/4) Lair:6        Slime (0/6) Lair:7
    Orc (2/2) D:9             Elf (0/3) Orc:2        Vaults (0/5) D:14
 Depths (0/5) D:15

Shops:
D:6 (   D:7 [[   D:9 !   D:10 !   Orc:2 !!?%(


Innate Abilities, Weirdness & Mutations

You have an increased reservoir of magic (+10% MP).
Your attributes are resistant to harm.
You are agile. (Dex +2)
Your mind is acute. (Int +2)
You passively map a small area around you.
You are resistant to electric shocks.
You evolve.


Message History

The demonic crawler hits you but does no damage.
The demonic crawler hits you.
The demonic crawler hits you but does no damage. x2
A tarantella comes into view.
The tarantella hisses angrily.
The demonic crawler closely misses you. The demonic crawler hits you!
* * * LOW HITPOINT WARNING * * *
The demonic crawler hits you!
* * * LOW HITPOINT WARNING * * *
The tarantella bites you.
* * * LOW HITPOINT WARNING * * *
You are confused.
The tarantella barely misses you.
The demonic crawler gives a hideous shriek! x2
The tarantella barely misses you. The demonic crawler hits you!
* * * LOW HITPOINT WARNING * * *
The demonic crawler hits you!
* * * LOW HITPOINT WARNING * * *
The demonic crawler hits you.
You die...

###....#.#..#..###.....##....
#.#.............##>...^.#.##.
#...##.................^#####
#....##..#.........<##.##
#.)...#######.......#..####
#.......###.#...^.####....##
#.....^.##.....##.##.#.....#
####^...#.......####...#####
##.##...##..@s### ###..^.#
#........#...s..###.#....##
#...............##........##
#.......ss.................##
#...##^...................##.
#...#......#..#.#.....#..##..
#..######..######.....#..^...
####....†...# ###....##.....
##.........## ##..........###


You could see 3 demonic crawlers and a tarantella.

Vanquished Creatures
  Gastronok (Lair:3)
  Maud (D:10)
  The ghost of Gagarin the Basher, a journeyman DsAK of Lugonu (Lair:7)
  Snorg (Orc:1)
  Josephine (Orc:2)
  The ghost of Nanban the Grappler, a journeyman TrMo of Yredelemnul (Lair:3)
  A minotaur (Lab)
  11 hydras
  3 centaur warriors
  Erica (Lair:2)
  A catoblepas (Lair:8)
  8 death yaks
  4 orc high priests
  Nergalle (Lair:1)
  Sonja (D:12)
  5 skeletal warriors (D:15)
  A giant orange brain (D:15)
  An unseen horror (D:10)
  A deep troll (D:14)
  3 swamp dragons (Lair:6)
  The ghost of sveltemanboy the Carver, a novice HESk of Ashenzari (D:7)
  Pikel (D:9)
  5 hill giants
  16 ugly things
  4 orc knights (Orc:2)
  A hornet (shapeshifter) (D:15)
  A deep elf mage (D:14)
  A griffon (Lair:5)
  2 oklob plants (Lair:7)
  4 wolf spiders
  A manticore (Lair:5)
  7 orc sorcerers
  3 orb spiders (Spider:1)
  4 cyclopes
  A moth of wrath (Spider:1)
  Maurice (D:8)
  6 elephants
  A black mamba (shapeshifter) (D:15)
  27 spiny frogs
  4 black mambas
  11 komodo dragons
  A centaur zombie (D:11)
  2 kobold demonologists
  A torpor snail (Spider:1)
  2 rime drakes
  A demonic crawler (Spider:1)
  A jumping spider (shapeshifter) (D:15)
  2 giant leeches (Lair:8)
  6 trolls
  3 polar bears
  A queen bee (D:10)
  2 jumping spiders (Spider:1)
  4 slime creatures (D:15)
  2 two-headed ogres
  Grinder (D:4)
  A boulder beetle (Lair:5)
  20 blink frogs
  A hornet zombie (D:14)
  3 shadows
  3 redbacks
  35 yaks
  7 tarantellas (Spider:1)
  2 wyverns
  A yak (shapeshifter) (D:14)
  2 vampires
  Sigmund (D:5)
  A basilisk (Lair:1)
  6 wraiths
  5 hogs (D:12)
  A basilisk (shapeshifter) (D:15)
  9 humans (Lair:5)
  14 hippogriffs
  3 hungry ghosts
  9 vampire mosquitoes
  4 swamp worms
  A warg (Orc:2)
  3 mottled dragons
  14 water moccasins
  14 porcupines
  28 orc warriors
  A hornet simulacrum (D:14)
  14 ice beasts
  2 wasps
  Purgy (D:7)
  3 sky beasts
  2 slaves (D:9)
  A swamp drake (Lair:6)
  2 phantoms
  3 black bears
  14 ogres
  A wolf (Lair:8)
  13 centaurs
  14 crocodiles
  7 big kobolds
  43 giant frogs
  A gnoll sergeant (Lair:1)
  A wyvern zombie (D:15)
  5 scorpions
  43 killer bees
  The ghost of Gagarin the Ducker, a weakling DsGl (D:3)
  6 wights
  6 electric eels
  5 howler monkeys
  5 crimson imps
  Crazy Yiuf (D:6)
  2 giant frog zombies (D:12)
  6 hounds
  4 jellies
  18 orc priests
  Jessica (D:2)
  3 giant frog skeletons
  5 hell rats
  5 iguanas
  25 orc wizards
  Natasha (twice) (D:2)
  8 worker ants
  31 sheep
  3 hound skeletons
  2 worker ant zombies
  A howler monkey zombie (D:9)
  Robin (D:2)
  A howler monkey skeleton (D:4)
  13 adders
  73 river rats
  6 shadow imps
  An ooze (D:2)
  An adder zombie (D:6)
  2 adder skeletons
  4 worms
  7 giant geckos
  77 orcs
  6 giant cockroaches
  13 goblins
  7 hobgoblins
  13 jackals
  16 kobolds
  3 quokkas
  22 bats
  A giant gecko skeleton (D:4)
  A giant gecko zombie (D:5)
  4 giant newts
  A jackal zombie (D:5)
  A quokka skeleton (D:5)
  30 rats
  7 fungi
  3 plants (Lair:8)
992 creatures vanquished.

Vanquished Creatures (others)
  Kirke (D:12)
  An unseen horror (D:15)
  A human (D:12)
  A giant frog skeleton (D:9)
  A worker ant (D:9)
  A shadow imp (D:9)
  2 orcs
  3 bushes (D:10)
  14 fungi
  15 plants
40 creatures vanquished.

Grand Total: 1032 creatures vanquished

Notes
Turn   | Place    | Note
--------------------------------------------------------------
     0 | D:1      | manyhoops the Demigod Fire Elementalist began the quest for the Orb.
     0 | D:1      | Reached XP level 1. HP: 14/14 MP: 5/5
    96 | D:1      | Reached skill level 1 in Conjurations
   409 | D:1      | Reached XP level 2. HP: 20/20 MP: 5/7
   444 | D:1      | Learned a level 2 spell: Throw Flame
   544 | D:1      | Reached skill level 2 in Spellcasting
   879 | D:2      | Noticed Robin
  1258 | D:2      | Noticed Natasha
  1267 | D:2      | Killed Natasha
  1267 | D:2      | Reached XP level 3. HP: 26/26 MP: 2/8
  1726 | D:2      | Noticed Jessica
  1732 | D:2      | Killed Jessica
  1732 | D:2      | Reached XP level 4. HP: 33/33 MP: 10/10
  1833 | D:2      | Noticed Natasha
  1835 | D:2      | Learned a level 3 spell: Conjure Flame
  1841 | D:2      | Killed Natasha
  2142 | D:2      | Killed Robin
  2264 | D:3      | Found a blossoming altar of Fedhas.
  2299 | D:3      | Noticed Gagarin's ghost (weakling DsGl)
  2312 | D:3      | Killed Gagarin's ghost
  2312 | D:3      | Reached XP level 5. HP: 39/39 MP: 8/12
  2493 | D:3      | Learned a level 3 spell: Inner Flame
  2890 | D:4      | Reached skill level 3 in Spellcasting
  2898 | D:4      | Noticed Grinder
  2903 | D:4      | Killed Grinder
  2903 | D:4      | Reached skill level 1 in Fighting
  2903 | D:4      | Reached XP level 6. HP: 47/47 MP: 14/14
  2999 | D:4      | Got a scorched dagger
  3000 | D:4      | Identified the +8 dagger of Execution {pierce, rC- Dex+2 SInv} (You found it on level 4 of the Dungeon)
  3467 | D:4      | Reached skill level 4 in Spellcasting
  3467 | D:4      | Reached XP level 7. HP: 43/52 MP: 16/16
  3720 | D:4      | Found a shattered altar of Ashenzari.
  3720 | D:4      | Found a sparkling altar of Nemelex Xobeh.
  3833 | D:4      | Learned a level 4 spell: Sticky Flame
  3904 | D:5      | Entered Level 5 of the Dungeon
  4245 | D:5      | Noticed Sigmund
  4273 | D:5      | Killed Sigmund
  4273 | D:5      | Reached skill level 5 in Fire Magic
  4477 | D:5      | Reached skill level 5 in Spellcasting
  4624 | D:5      | Found a sparkling altar of Nemelex Xobeh.
  4701 | D:5      | Reached XP level 8. HP: 49/60 MP: 15/19
  5149 | D:5      | Got a pitted ring mail
  5160 | D:5      | Identified the +5 ring mail "Soppu Ise" {*Corrode +Inv rN+++ Regen+} (You found it on level 5 of the Dungeon)
  5626 | D:6      | Reached skill level 1 in Armour
  5652 | D:6      | Found a glowing golden altar of the Shining One.
  5701 | D:6      | Reached skill level 5 in Conjurations
  5935 | D:6      | Found Gooquk's Antique Weapon Shop.
  6224 | D:6      | Found a staircase to the Ecumenical Temple.
  6261 | D:6      | Learned a level 5 spell: Fireball
  6308 | D:6      | Found a stormy altar of Qazlal.
  6408 | D:6      | Noticed Crazy Yiuf
  6415 | D:6      | Killed Crazy Yiuf
  6538 | D:7      | Noticed sveltemanboy's ghost (novice HESk)
  6611 | D:7      | Found Fyclo's Antique Armour Emporium.
  6617 | D:7      | Reached skill level 6 in Spellcasting
  6646 | D:7      | Bought a shimmering helmet for 180 gold pieces
  6656 | D:7      | Identified the -3 helmet of Unambiguity {Regen+ rCorr Int-3 Dex+5} (You bought it in a shop on level 7 of the Dungeon)
  6825 | D:7      | Noticed Purgy
  6832 | D:7      | Killed Purgy
  6972 | D:7      | Killed sveltemanboy's ghost
  6972 | D:7      | Reached XP level 9. HP: 42/67 MP: 2/22
  7146 | D:7      | Found Karhoss's Antique Armour Emporium.
  7154 | D:7      | Bought an opalescent robe for 148 gold pieces
  7164 | D:7      | Identified the +0 robe of the Demon Prince {+Inv MR+ MP+9 Dex-2} (You bought it in a shop on level 7 of the Dungeon)
  7325 | D:7      | Found a sacrificial altar of Ru.
  7615 | D:8      | Noticed Maurice
  7624 | D:8      | Killed Maurice
  7624 | D:8      | Reached skill level 7 in Spellcasting
  7845 | D:7      | Bought a runed cloak for 117 gold pieces
  8321 | D:9      | Found a staircase to the Orcish Mines.
  8430 | D:9      | Found Gokhaang's Distillery.
  8437 | D:9      | Bought a potion of heal wounds for 70 gold pieces
  8437 | D:9      | Bought a potion of might for 56 gold pieces
  8592 | D:9      | Reached XP level 10. HP: 59/74 MP: 25/25
  8611 | D:9      | Learned a level 3 spell: Regeneration
  8684 | D:9      | Noticed Pikel
  8691 | D:9      | Killed Pikel
  8913 | D:9      | Found a staircase to the Lair.
  8975 | D:10     | Entered Level 10 of the Dungeon
  9017 | D:10     | Noticed an unseen horror
  9028 | D:10     | Killed an unseen horror
  9186 | D:10     | Reached skill level 8 in Spellcasting
  9815 | D:10     | Found Xunoush's Distillery.
  9819 | D:10     | Bought a potion of heal wounds for 75 gold pieces
  9846 | D:10     | Noticed Maud
  9855 | D:10     | Killed Maud
 10131 | D:10     | Reached XP level 11. HP: 82/82 MP: 28/28
 10245 | Orc:1    | Entered Level 1 of the Orcish Mines
 10252 | Orc:1    | Reached skill level 9 in Spellcasting
 10501 | Lair:1   | Entered Level 1 of the Lair of Beasts
 10998 | Lair:1   | Noticed Nergalle
 11033 | Lair:1   | Killed Nergalle
 11397 | Lair:1   | Reached skill level 10 in Fire Magic
 11872 | Lair:1   | Found a shimmering altar of Xom.
 12745 | Lair:2   | Noticed Erica
 12751 | Lair:2   | Killed Erica
 12751 | Lair:2   | Reached skill level 10 in Spellcasting
 13237 | Lair:3   | Noticed Nanban's ghost (journeyman TrMo)
 13369 | Lair:3   | Noticed Gastronok
 13778 | Lair:3   | Killed Gastronok
 13976 | Lair:3   | Reached XP level 12. HP: 70/91 MP: 31/31
 14225 | Lair:3   | Reached skill level 10 in Conjurations
 14590 | Lair:3   | Noticed a five-headed hydra
 14602 | Lair:3   | Killed a five-headed hydra
 14804 | Lair:3   | Killed Nanban's ghost
 15651 | Lair:4   | Reached skill level 11 in Spellcasting
 15900 | Lair:4   | Got a spiked cloak
 15911 | Lair:4   | Identified the cursed +0 cloak of Henotheism {Dex+2} (You found it on level 4 of the Lair of Beasts)
 15937 | Lair:4   | Noticed a six-headed hydra
 15940 | Lair:4   | Killed a six-headed hydra
 15943 | Lair:4   | Noticed a four-headed hydra
 15949 | Lair:4   | Killed a four-headed hydra
 16471 | Lair:4   | Reached skill level 5 in Fighting
 17632 | Lair:5   | Reached XP level 13. HP: 78/101 MP: 24/33
 18018 | Lair:5   | Found a staircase to the Shoals.
 19375 | Lair:6   | Found a hole to the Spider Nest.
 20103 | Lair:7   | Reached skill level 12 in Spellcasting
 20174 | Lair:7   | Noticed Gagarin's ghost (journeyman DsAK)
 20778 | Lair:7   | Killed Gagarin's ghost
 20932 | Lair:7   | Learned a level 6 spell: Bolt of Fire
 21489 | Lair:8   | Entered Level 8 of the Lair of Beasts
 21489 | Lair:8   | Found a labyrinth entrance.
 21499 | Lab      | Entered a labyrinth
 22218 | Lab      | Identified Zefott's Tome of Earth
 22222 | Lab      | Identified Atsuaj's Almanac of Floating Stones
 22225 | Lab      | Identified a scroll of acquirement
 22514 | Lair:7   | Found a staircase to the Slime Pits.
 23490 | Lair:8   | Reached XP level 14. HP: 111/111 MP: 35/35
 24815 | Lair:8   | Learned a level 3 spell: Call Canine Familiar
 24879 | Lair:8   | Learned a level 2 spell: Blink
 24882 | Lair:8   | Learned a level 2 spell: Repel Missiles
 25898 | D:11     | Found a shimmering altar of Xom.
 26161 | D:11     | Reached skill level 13 in Spellcasting
 26884 | Orc:1    | Found a roughly hewn altar of Beogh.
 26959 | Orc:1    | Noticed Snorg
 26963 | Orc:1    | Killed Snorg
 27036 | Orc:2    | Entered Level 2 of the Orcish Mines
 27036 | Orc:2    | Found Wemmocan's Antique Weapon Emporium.
 27044 | Orc:2    | Bought a bloodstained broad axe for 162 gold pieces
 27055 | Orc:2    | Identified the +2 broad axe "Dazeifraena" {freeze, Dex+6} (You bought it in a shop on level 2 of the Orcish Mines)
 27629 | Orc:2    | Found a staircase to the Elven Halls.
 27666 | Orc:2    | Noticed Josephine
 27668 | Orc:2    | Killed Josephine
 28806 | Orc:2    | Found Agoarches's Distillery.
 28806 | Orc:2    | Found Suuffeoreicw's Food Shop.
 28808 | Orc:2    | Found Lezierch's Distillery.
 28808 | Orc:2    | Found Ipour's Magic Scroll Shop.
 28814 | Orc:2    | Bought a potion of heal wounds for 70 gold pieces
 28814 | Orc:2    | Bought a potion of curing for 42 gold pieces
 28818 | Orc:2    | Bought a scroll of identify for 26 gold pieces
 28818 | Orc:2    | Bought a scroll of identify for 26 gold pieces
 28818 | Orc:2    | Bought a scroll of identify for 26 gold pieces
 28818 | Orc:2    | Bought a scroll of fear for 45 gold pieces
 28818 | Orc:2    | Bought a scroll of teleportation for 39 gold pieces
 28818 | Orc:2    | Bought a scroll of teleportation for 39 gold pieces
 28826 | Orc:2    | Bought a potion of cure mutation for 325 gold pieces
 28826 | Orc:2    | Bought a potion of mutation for 32 gold pieces
 28826 | Orc:2    | Gained mutation: You are agile. (Dex +2) [potion of mutation]
 28826 | Orc:2    | Gained mutation: You evolve. [potion of mutation]
 28826 | Orc:2    | Gained mutation: You are resistant to electric shocks. [potion of mutation]
 29719 | D:12     | Noticed Sonja
 29720 | D:12     | Killed Sonja
 29808 | D:12     | Noticed Kirke
 29831 | D:12     | Killed Kirke
 29831 | D:12     | Reached skill level 14 in Spellcasting
 30232 | D:12     | Found an oddly glowing altar of Pakellas.
 30301 | D:12     | Reached XP level 15. HP: 117/117 MP: 36/38
 30596 | D:13     | Gained mutation: Your mind is acute. (Int +2) [evolution]
 30931 | D:13     | Got a scorched pewter ring
 31194 | D:13     | Identified the ring "Fudghutiph" {rF+ Str+3 Int+2} (You found it on level 13 of the Dungeon)
 32854 | D:14     | Found a gate to the Vaults.
 32937 | D:15     | Entered Level 15 of the Dungeon
 33170 | D:15     | Reached skill level 15 in Spellcasting
 34534 | D:15     | Found a staircase to the Depths.
 34726 | D:9      | Gained mutation: You passively map a small area around you. [potion of beneficial mutation]
 34727 | D:9      | Reached XP level 16. HP: 124/124 MP: 40/40
 34831 | Spider:1 | Entered Level 1 of the Spider Nest
 35676 | Spider:1 | HP: 3/124 [demonic crawler (12)]
 35676 | Spider:1 | Slain by a demonic crawler

Skill      XL: |  1  2  3  4  5  6  7  8  9 10 11 12 13 14 15 |
---------------+----------------------------------------------+-----
Conjurations   | 1 2 3 4 6 7 8 9 10 12 13 14 | 14.1
Fire Magic     | 3 4 5 7 9 10 11 12 13 | 13.3
Stealth        | 2 |  2.5
Spellcasting   | 2 3 4 5 6 7 8 10 11 12 14 15 | 15.5
Fighting       | 1 2 3 5 6 |  6.6
Armour         | 1 |  1.8
Necromancy     | 4 |  4.5
Dodging        | |  1.7
Hexes          | |  0.3
Summonings     | |  0.1

Action                   |  1- 3 |  4- 6 |  7- 9 | 10-12 | 13-15 | 16-18 || total
-------------------------+-------+-------+-------+-------+-------+-------++-------
Melee: Dagger            |    27 |    22 |    26 |    25 |    55 |     4 ||   159
       Staff             |       |    31 |   124 |    34 |    55 |       ||   244
 Cast: Flame Tongue      |    37 |    78 |   208 |   114 |   124 |     6 ||   567
       Throw Flame       |     5 |    18 |   120 |   290 |   407 |    15 ||   855
       Conjure Flame     |       |     3 |    10 |    11 |       |       ||    24
       Sticky Flame      |       |       |    10 |    49 |    52 |     7 ||   118
       Fireball          |       |       |     3 |   145 |   114 |     2 ||   264
       Inner Flame       |       |       |     1 |    10 |     2 |       ||    13
       Regeneration      |       |       |       |     1 |     8 |       ||     9
       Bolt of Fire      |       |       |       |       |   304 |    15 ||   319
       Call Canine Famil |       |       |       |       |    11 |       ||    11
Evoke: Wand              |       |       |       |     4 |     4 |     2 ||    10
  Use: Potion            |     1 |     2 |       |     3 |    10 |     2 ||    18
       Scroll            |     1 |     3 |     8 |     8 |    20 |     2 ||    42
 Stab: Sleeping          |     1 |     1 |     2 |       |     1 |       ||     5
  Eat: Chunk             |     2 |     3 |    25 |    46 |    74 |       ||   150
       Meat ration       |       |     1 |       |       |     2 |       ||     3
       Bread ration      |       |       |       |     1 |     1 |       ||     2
       Pizza             |       |       |       |       |     2 |       ||     2
       Beef jerky        |       |       |       |       |     1 |       ||     1
       Fruit             |       |       |       |       |     4 |       ||     4
Armor: Robe              |    14 |    24 |    44 |    60 |   145 |     9 ||   296
       Leather armour    |       |       |    18 |    26 |     8 |    17 ||    69
       Ring mail         |       |       |     3 |       |       |       ||     3
       Skin              |       |       |       |    19 |    48 |       ||    67
Dodge: Dodged            |    53 |    68 |   136 |   159 |   221 |    37 ||   674
